Map: Catalyst LE

Players

TYTY (TY) - Winner!

  • Race: Terran Terran
  • League: Master
  • Spawn Location: 5:00

SpeCial

  • Race: Terran Terran
  • League: Master
  • Spawn Location: 11:00

Event: Memes & Dreams Invitational

VOD

Have the link to the VOD?

Description

Time

  • Played on: April 15, 2018, 2:11 a.m.
  • Length: 11:02

All games in this series

Show
View Real Time Build Order
Export as new Build Order

TYTY Terran - Winner!

Build Orders: Cyclone Opening, MMM Bio 

Get SALT Encoding   

  12  0:00  SCV  
  13  0:12  SCV  
  14  0:17  Supply Depot  
  14  0:24  SCV  
  14  0:28  Refinery  
  15  0:38  SCV  
  16  0:44  Barracks  
  16  0:50  SCV  
  16  0:55  Refinery  
  17  1:02  SCV  
  18  1:15  SCV  
  20  1:33  Factory, Orbital Command  
  20  1:38  Reaper  
  20  1:53  Supply Depot  
  20  1:58  SCV  
  21  2:10  Reaper  
  21  2:11  SCV  
  23  2:17  Cyclone  
  26  2:23  SCV  
  27  2:35  SCV  
  27  2:43  Command Center  
  27  2:45  Barracks Reactor  
  27  2:50  Supply Depot  
  27  2:59  Cyclone  
  27  3:01  SCV  
  31  3:13  SCV  
  32  3:20  Engineering Bay  
  32  3:25  SCV  
  32  3:27  Supply Depot  
  33  3:41  Cyclone x2  
  38  3:42  SCV  
  39  3:54  SCV  
  40  3:56  Missile Turret  
  40  3:57  Orbital Command  
  40  4:03  Missile Turret  
  40  4:06  SCV  
  41  4:16  Cyclone  
  44  4:21  Cyclone  
  47  4:24  SCV  
  48  4:31  SCV  
  48  4:36  SCV  
  49  4:43  Supply Depot, SCV  
  50  4:48  SCV  
  50  4:50  Barracks Tech Lab  
  54  4:56  SCV  
  52  5:00  SCV  
  52  5:05  Terran Infantry Weapons Level 1  
  53  5:08  SCV  
  54  5:15  Marine, Stimpack  
  54  5:17  SCV  
  54  5:18  Barracks  
  54  5:21  Barracks  
  52  5:22  Factory Reactor  
  52  5:23  SCV  
  53  5:30  Starport  
  53  5:33  Marine, SCV  
  54  5:36  SCV  
  54  5:45  Supply Depot, SCV  
  54  5:48  SCV  
  56  5:51  Marine  
  57  5:57  SCV  
  57  6:00  SCV  
  59  6:04  Command Center  
  59  6:05  Marine x2  
  59  6:07  Starport Reactor  
  59  6:08  Factory Tech Lab  
  59  6:09  Marine  
  62  6:16  Marine x2  
  64  6:19  Supply Depot  
  64  6:20  SCV x2  
  64  6:23  Marine  
  64  6:24  Marine  
  68  6:26  Marine  
  68  6:29  Siege Tank  
  72  6:33  Bunker  
  72  6:34  Marine  
  72  6:37  Marine  
  74  6:41  Marine  
  74  6:42  Marine, SCV  
  74  6:43  SCV  
  74  6:44  Marine, Medivac  
  81  6:47  Medivac  
  81  6:52  Marine  
  84  6:54  Marine  
  84  6:59  Marine  
  84  7:00  Marine  
  86  7:02  Supply Depot  
  86  7:04  SCV x2  
  86  7:05  Siege Tank  
  76  7:12  Marine x2  
  69  7:16  SCV x2  
  69  7:17  Medivac  
  69  7:18  Orbital Command  
  69  7:20  Marine x3  
  73  7:26  Refinery  
  73  7:28  Combat Shields, Refinery  
  74  7:30  SCV  
  74  7:33  Marine x2  
  74  7:35  SCV  
  77  7:39  Marine x2  
  77  7:42  SCV  
  77  7:43  Marine  
  81  7:45  SCV  
  81  7:49  SCV  
  81  7:51  Marine x2  
  85  7:52  Terran Infantry Armor Level 1  
  85  7:54  SCV  
  85  7:57  Marine, SCV  
  88  8:01  SCV  
  88  8:03  Siege Tank  
  88  8:04  Marine  
  88  8:05  Marine, Supply Depot x2  
  94  8:06  SCV  
  94  8:08  Marine  
  94  8:09  SCV  
  97  8:13  SCV  
  97  8:15  Medivac  
  97  8:18  SCV  
  101  8:20  Barracks  
  101  8:21  SCV  
  101  8:22  Marine x2  
  101  8:25  Barracks, SCV  
  105  8:30  Marine x3  
  105  8:33  Engineering Bay, Armory  
  108  8:34  SCV  
  108  8:35  SCV  
  108  8:36  Refinery  
  108  8:37  Siege Tank, SCV  
  108  8:40  Marine x2  
  116  8:47  SCV x2  
  116  8:48  Marine x2  
  120  8:50  Supply Depot  
  120  8:51  Viking  
  120  8:53  Sensor Tower  
  120  8:54  Viking  
  124  8:56  Marine  
  125  9:07  Barracks Reactor  
  125  9:11  Supply Depot x2  
  125  9:12  Marine x4, SCV x3  
  125  9:13  Barracks Reactor  
  125  9:14  Supply Depot  
  132  9:19  Refinery  
  132  9:21  Liberator  
  132  9:23  Marine  
  132  9:29  Marine  
  132  9:30  Supply Depot x2  
  133  9:32  Siege Tank  
  133  9:36  SCV x2  
  138  9:40  Marine x3  
  138  9:45  Marine x3  
  144  9:46  Liberator  
  144  9:47  Marine  
  144  9:49  Supply Depot x2  
  144  9:52  Marine x2  
  150  9:55  SCV x2  
  150  9:58  Marine x3  
  155  10:03  Marine x3  
  155  10:05  Marine  
  161  10:10  Marine x2  
  161  10:16  Marine x3  
  161  10:17  SCV x2  
  161  10:19  SCV  
  167  10:27  Command Center  
  167  10:28  Supply Depot  
  152  10:29  Viking  
  152  10:30  Marine  
  152  10:31  Marine x3  
  152  10:33  Marine  
  152  10:34  Marine  
Show
View Real Time Build Order
Export as new Build Order

SpeCial Terran 

Build Orders: 1/1/1, Cyclone Opening 

Get SALT Encoding   

  12  0:00  SCV  
  13  0:12  SCV  
  14  0:17  Supply Depot  
  14  0:25  SCV  
  15  0:29  Refinery  
  15  0:39  SCV  
  16  0:45  Barracks  
  16  0:51  SCV  
  16  0:55  Refinery  
  17  1:03  SCV  
  18  1:15  SCV  
  19  1:32  Orbital Command  
  19  1:33  Factory  
  19  1:35  Reaper  
  20  1:45  Supply Depot  
  20  1:58  SCV  
  21  2:07  Reaper  
  22  2:10  SCV  
  23  2:18  Hellion, Starport  
  23  2:22  SCV  
  26  2:27  Supply Depot  
  26  2:34  SCV  
  27  2:41  Barracks Tech Lab  
  27  2:42  Cyclone  
  30  2:46  SCV  
  31  2:58  SCV  
  31  3:10  SCV  
  32  3:13  Cloaking Field, Banshee  
  32  3:16  Marine  
  36  3:26  Command Center  
  36  3:27  SCV  
  37  3:34  Supply Depot  
  37  3:43  Barracks Reactor, SCV  
  37  3:45  Factory Tech Lab  
  38  3:56  Banshee  
  38  4:00  SCV  
  42  4:08  Supply Depot  
  42  4:15  Siege Tank  
  44  4:19  SCV  
  44  4:20  Marine x2  
  47  4:36  SCV  
  48  4:39  Command Center  
  48  4:41  Marine  
  48  4:42  Marine  
  49  4:48  SCV  
  49  4:52  Raven  
  52  4:59  Marine x2  
  53  5:01  SCV  
  53  5:02  Orbital Command  
  55  5:13  SCV  
  53  5:14  Siege Tank  
  53  5:17  Marine x2  
  58  5:25  SCV  
  59  5:29  SCV  
  60  5:35  Refinery  
  60  5:37  Marine x2, SCV, Refinery  
  60  5:45  SCV  
  60  5:48  Siege Tank  
  60  5:49  SCV  
  65  5:52  Orbital Command  
  65  5:59  Starport Reactor  
  65  6:00  Barracks  
  65  6:02  SCV  
  65  6:03  Barracks  
  66  6:05  SCV  
  67  6:11  Supply Depot  
  67  6:13  Marine  
  67  6:16  SCV  
  69  6:20  SCV x2  
  69  6:21  Siege Tank  
  69  6:24  Engineering Bay  
  74  6:26  Engineering Bay  
  74  6:30  SCV  
  74  6:32  SCV  
  76  6:35  Marine  
  76  6:38  SCV  
  78  6:43  Starport Reactor  
  78  6:45  SCV  
  76  6:52  Marine x2  
  76  6:53  Siege Tank  
  80  6:55  SCV  
  80  6:58  Terran Infantry Weapons Level 1, Terran Infantry Armor Level 1  
  81  7:02  Supply Depot, SCV  
  81  7:06  SCV  
  81  7:07  Marine  
  76  7:13  Marine x2  
  76  7:14  Marine x2  
  71  7:21  Supply Depot  
  68  7:24  Orbital Command  
  68  7:25  Marine  
  68  7:26  Medivac x2  
  73  7:31  Marine x3  
  73  7:33  SCV x2  
  78  7:37  Marine  
  78  7:43  Marine  
  80  7:45  SCV x2  
  80  7:46  Supply Depot  
  80  7:49  Marine x3  
  85  7:52  Missile Turret  
  85  7:54  Marine  
  85  7:56  Siege Tank  
  86  8:01  Marine  
  86  8:05  Stimpack  
  87  8:06  Medivac x2  
  87  8:07  Marine x2  
  93  8:18  Command Center  
  93  8:25  Marine, Armory  
  94  8:29  Supply Depot  
  94  8:30  Marine x3  
  94  8:32  Siege Tank  
  94  8:33  Liberator x2  
  100  8:35  Marine  
  101  8:43  Marine  
  101  8:48  Marine  
  102  8:50  Marine x2  
  110  9:01  Barracks x2  
  110  9:02  Marine  
  110  9:14  Supply Depot x3  
  110  9:30  Marine x5, Siege Tank  
  118  9:33  SCV x2  
  118  9:38  Medivac x2  
  114  9:46  SCV  
  114  9:47  Marine x3  
  114  9:48  Marine x2, SCV  
  121  9:55  Orbital Command  
  121  9:58  SCV  
  121  10:00  Barracks Reactor, SCV  
  121  10:01  Barracks Reactor  
  121  10:05  Marine x3  
  125  10:10  Marine  
  125  10:11  SCV  
  125  10:12  SCV  
  122  10:16  Marine  
  120  10:23  Marine x3, SCV  
  120  10:24  SCV  
  120  10:28  Marine  
  119  10:29  Siege Tank  
  119  10:32  SCV  
  119  10:34  Marine  
  119  10:35  SCV  
  130  10:37  SCV  
  130  10:41  Marine x3  
  125  10:44  SCV  
Tags
 
Add a new tag
Caveats
  • Supply blocks, unpowered buildings, or Contaminate may cause inaccurate times.
  • Supply counts are checked every 10 seconds.